 Dungeon Crawl Stone Soup version 0.29.0-4-gdea44cf6ec (webtiles) character file.

Game seed: 9273808841696766951

4030 qw the Grappler (level 10, -6/98 HPs)
             Began as a Troll Cinder Acolyte on Aug 31, 2022.
             Was an Elder of Ignis.
             Mangled by a two-headed ogre
             ... wielding a +0 giant club
              (18 damage)
             ... on level 7 of the Dungeon.
             The game lasted 00:02:27 (5064 turns).

qw the Grappler (Troll Cinder Acolyte)              Turns: 5064, Time: 00:02:27

Health: -6/98      AC: 11    Str: 34    XL:     10   Next: 4%
Magic:  10/10      EV:  9    Int: 10    God:    Ignis [****..]
Gold:   290        SH:  0    Dex:  5    Spells: 11/11 levels left

rFire   + + .      SeeInvis .     - Unarmed
rCold   + + .      Faith    .   (no shield)
rNeg    . . .      Spirit   .   a - +0 robe
rPois   .          Reflect  .   (helmet restricted)
rElec   .          Harm     .   l - scarf {rC+ rF+}
rCorr   .          Rampage  .   (gloves unavailable)
Will    .....                   (boots unavailable)
Stlth   +.........              j - amulet of the acrobat
HPRegen 1.06/turn               h - +6 ring of strength
MPRegen 0.12/turn               k - ring of protection from cold

@: fiery-armoured
A: large, unfitting armour, claws 3, regeneration 1, shaggy fur 1, tough skin 1
a: Renounce Religion, Fiery Armour, Foxfire Swarm, Rising Flame


You were on level 7 of the Dungeon.
You worshipped Ignis.
Ignis was greatly pleased with you.
You visited 1 branch of the dungeon, and saw 7 of its levels.

You collected 290 gold pieces.


Innate Abilities, Weirdness & Mutations

You are too large for most types of armour.
You have claws for hands.
Your natural rate of healing is unusually fast.
You are covered in fur. (AC +1)
You have tough skin. (AC +1)


   Skills:
 - Level 5.9 Fighting
 - Level 3.3 Throwing
 - Level 2.5 Dodging
 + Level 12.2 Unarmed Combat
 - Level 1.0 Spellcasting
 - Level 2.1 Fire Magic


You had 11 spell levels left.
You didn't know any spells.
Your spell library contained the following spells:

 Spells                   Type           Power      Damage    Failure   Level
 Scorch                   Fire           8%         2d5       22%         2

Inventory:

Missiles
 c - 4 javelins (quivered)
Armour
 a - a +0 robe (worn)
 e - a +0 cloak
 l - a scarf of resistance (worn)
Jewellery
 h - a +6 ring of strength (left claw)
 j - an amulet of the acrobat (around neck)
 k - a ring of protection from cold (right claw)
Scrolls
 d - a scroll of identify
Potions
 b - 4 potions of curing
 f - a potion of mutation
 g - a potion of might
 i - a potion of heal wounds
 m - a potion of berserk rage {unknown}
 n - 2 potions of flight {unknown}

Dungeon Overview and Level Annotations

Branches:
Dungeon (7/15)
 Temple: D:4-7

Altars:
Elyvilon
Makhleb
Trog
Zin

Shops:
D:4 (

Annotations:
D:6 1 runed translucent door, Crazy Yiuf


Message History

You mangle the howler monkey!! Your claw misses the howler monkey.
The howler monkey is almost dead.
The howler monkey hits you but does no damage.
The howler monkey is burned by your cloak of flames.
You kill the howler monkey!
5057 ||| FLEEEEING.
You see here a +0 mace.
A gargoyle comes into view. It is wielding a +0 flail.
5059 ||| Stepping ~*~*~tactically~*~*~ (hiding).
Items here: ! $ % ) [.
You claw the troll!
The troll is heavily wounded.
The troll bites you but does no damage.
The troll is burned by your cloak of flames.
The troll is heavily wounded.
The troll claws you!
The troll is burned by your cloak of flames.
The troll is severely wounded.
The troll closely misses you.
You mangle the troll!!
You kill the troll!
You have reached level 10!
You mangle the two-headed ogre!!
The two-headed ogre is heavily wounded.
The two-headed ogre hits you with a +0 giant club!
The two-headed ogre is burned by your cloak of flames.
The two-headed ogre is heavily wounded.
The two-headed ogre hits you with a +0 giant spiked club!
The two-headed ogre is burned by your cloak of flames.
The two-headed ogre is heavily wounded.
The howler monkey hoots and howls with incredible vigour!
You mangle the two-headed ogre!!
The two-headed ogre is almost dead.
You closely miss the two-headed ogre.
The two-headed ogre is almost dead.
The two-headed ogre hits you with a +0 giant club!!
The two-headed ogre is burned by your cloak of flames.
The two-headed ogre is almost dead.
The two-headed ogre hits you with a +0 giant spiked club!!
You die...

## <# .# .# ### %# ####.#### .#
#..#.#..# .# #..#....# #.. .#
#.#.###.#.########'.'## .#
#.#.#........@Oh9...... .#
#.#.#####.#.######'.'##
.###.#.##...%#..# #.. #.
...#<#.##..#.#..# #.#
##.#.#.#####.#### #.###
#.#.#.#####)###############...#
#.....#......../#.........#.#.#
####..#.#.#####.#.........#.#.#
#..#.#.....))#.........#.#.#


You could see a two-headed ogre, a gargoyle and a howler monkey.

Vanquished Creatures
  A two-headed ogre (D:7)
  A gargoyle (D:7)
  A troll (D:7)
  Prince Ribbit (D:6)
  Grinder (D:4)
  A wraith (D:7)
  3 yaks
  A steam dragon (D:7)
  Edmund (D:4)
  Duvessa (D:6)
  An ice beast (D:5)
  An ogre (D:6)
  2 centaurs
  A kobold brigand (D:7)
  2 necrophages (D:6)
  A bullfrog (D:6)
  2 scorpions (D:7)
  5 wights (D:7)
  Dowan (D:6)
  2 howler monkeys
  3 jellies (D:7)
  4 iguanas
  5 orc wizards
  9 adders
  A shadow imp (D:7)
  2 worms (D:4)
  3 dart slugs
  7 orcs
  6 bats
  6 endoplasms
  2 giant cockroaches
  4 goblins
  7 hobgoblins
  4 jackals
  7 quokkas
  12 ball pythons
  5 frilled lizards
  9 kobolds
  6 rats
132 creatures vanquished.

Notes
Turn   | Place    | Note
-------+----------+-------------------------------------------
     0 | D:1      | qw the Troll Cinder Acolyte began the quest for the Orb.
     0 | D:1      | Reached XP level 1. HP: 22/22 MP: 1/1
     0 | D:1      | 0 ||| qw: Version: 0.1-a-97-g2dd2ca4
     0 | D:1      | 0 ||| qw: Game counter: 4618
     0 | D:1      | 0 ||| qw: Always use a shield: true
     0 | D:1      | 0 ||| qw: God list: Okawaru
     0 | D:1      | 0 ||| qw: Allow faded altars: false
     0 | D:1      | 0 ||| qw: Do Orc after D:15 true
     0 | D:1      | 0 ||| qw: Do second Lair branch before Depths: true
     0 | D:1      | 0 ||| qw: Lair rune preference: random
     0 | D:1      | 0 ||| qw: Plans: Normal
     0 | D:1      | 0 ||| PLANNING D:1-11
   148 | D:1      | Reached XP level 2. HP: 27/29 MP: 2/2
   190 | D:1      | 190 ||| Stepping ~*~*~tactically~*~*~ (hiding).
   892 | D:1      | Reached skill level 4 in Unarmed Combat
   932 | D:1      | 932 ||| UPGRADING to +0 cloak.
   937 | D:1      | 937 ||| UPGRADING to amulet of the acrobat.
   942 | D:1      | 942 ||| READING scroll labelled DOUPPOGGEKH.
   943 | D:1      | 943 ||| READING scroll labelled TUTIBIMUDI.
   946 | D:1      | 946 ||| READING scroll labelled ROALISTU RIFU.
   947 | D:1      | 947 ||| READING scroll labelled KYTAOSTIER.
  1107 | D:2      | 1107 ||| Stepping ~*~*~tactically~*~*~ (stealth).
  1109 | D:2      | Reached XP level 3. HP: 36/36 MP: 3/3
  1124 | D:2      | You fall into a shaft and drop 1 floor!
  1125 | D:3      | 1125 ||| READING scroll labelled VURRUI KIMNUI.
  1441 | D:2      | Found a faded altar of an unknown god.
  1731 | D:2      | 1731 ||| READING scroll labelled HYULER WYSOB.
  1732 | D:2      | 1732 ||| DRINKING 3 orange potions.
  1733 | D:2      | 1733 ||| READING 2 scrolls of identify.
  1733 | D:2      | 1733 ||| IDENTIFYING smoky white potion
  1734 | D:2      | 1734 ||| DROPPING potion of degeneration.
  1778 | D:3      | Reached XP level 4. HP: 44/44 MP: 4/4
  1796 | D:3      | Reached skill level 5 in Unarmed Combat
  1849 | D:3      | 1849 ||| Stepping ~*~*~tactically~*~*~ (stealth).
  2289 | D:3      | Reached XP level 5. HP: 46/50 MP: 5/5
  2331 | D:3      | 2331 ||| UPGRADING to scarf of resistance.
  2341 | D:3      | 2341 ||| READING scroll labelled VEAKYP NADYRA.
  2342 | D:3      | 2342 ||| READING scroll labelled GECOXOA CIROOPP.
  2343 | D:3      | 2343 ||| READING scroll labelled ZERACO MUUMPA.
  2344 | D:3      | 2344 ||| Stepping randomly (stuck).
  2345 | D:3      | 2345 ||| Stepping ~*~*~tactically~*~*~ (cloud).
  2404 | D:4      | Noticed Edmund
  2414 | D:4      | Killed Edmund
  2415 | D:4      | Reached skill level 6 in Unarmed Combat
  2496 | D:4      | Found Godeev's Weapon Boutique.
  2612 | D:4      | 2612 ||| Stepping ~*~*~tactically~*~*~ (hiding).
  2621 | D:4      | Reached XP level 6. HP: 59/59 MP: 6/6
  2764 | D:4      | Noticed Grinder
  2767 | D:4      | Paralysed by Grinder for 2 turns
  2771 | D:4      | 2771 ||| Stepping ~*~*~tactically~*~*~ (outnumbered).
  2779 | D:4      | Killed Grinder
  2780 | D:4      | Reached skill level 7 in Unarmed Combat
  2839 | D:4      | Reached skill level 8 in Unarmed Combat
  2865 | D:4      | Reached XP level 7. HP: 66/66 MP: 7/7
  2967 | D:4      | Found a burning altar of Makhleb.
  2969 | D:4      | Noticed an Executioner
  2971 | D:4      | Found a glowing silver altar of Zin.
  2972 | D:4      | Noticed an angel
  2977 | D:4      | 2977 ||| Stepping ~*~*~tactically~*~*~ (hiding).
  2981 | D:4      | 2981 ||| Stepping ~*~*~tactically~*~*~ (hiding).
  3149 | D:4      | 3149 ||| UPGRADING to +6 ring of strength.
  3150 | D:4      | 3150 ||| READING scroll labelled YNIFEHICOA.
  3151 | D:4      | 3151 ||| READING scroll labelled IBLUCS HOIDURO.
  3152 | D:4      | 3152 ||| READING 4 scrolls of identify.
  3152 | D:4      | 3152 ||| IDENTIFYING silvery potion
  3153 | D:4      | 3153 ||| READING 3 scrolls of identify.
  3153 | D:4      | 3153 ||| IDENTIFYING glowing purple potion
  3154 | D:4      | 3154 ||| READING 2 scrolls of identify.
  3154 | D:4      | 3154 ||| IDENTIFYING metallic emerald potion
  3155 | D:4      | 3155 ||| DROPPING potion of ambrosia.
  3174 | D:5      | Entered Level 5 of the Dungeon
  3188 | D:5      | Found a white marble altar of Elyvilon.
  3247 | D:5      | Reached skill level 3 in Fighting
  3636 | D:5      | 3636 ||| Stepping ~*~*~tactically~*~*~ (hiding).
  3698 | D:5      | Found a bloodstained altar of Trog.
  3876 | D:5      | 3876 ||| READING scroll labelled NIUVOU KIMITOXA.
  3925 | D:6      | Noticed Prince Ribbit
  3944 | D:6      | Reached skill level 9 in Unarmed Combat
  3954 | D:6      | Killed Prince Ribbit
  3955 | D:6      | Reached XP level 8. HP: 46/75 MP: 8/8
  4038 | D:6      | Noticed Duvessa
  4040 | D:6      | Noticed Dowan
  4041 | D:6      | 4041 ||| INVOKING Fiery Armour.
  4049 | D:6      | Killed Duvessa
  4050 | D:6      | Killed Dowan
  4150 | D:6      | Reached skill level 1 in Throwing
  4362 | D:6      | Found a runed translucent door.
  4363 | D:6      | Noticed Crazy Yiuf
  4405 | D:6      | Reached skill level 10 in Unarmed Combat
  4505 | D:6      | 4505 ||| UPGRADING to ring of protection from cold.
  4560 | D:7      | 4560 ||| STAIRDANCE
  4674 | D:7      | Reached XP level 9. HP: 67/85 MP: 9/9
  4674 | D:7      | 4674 ||| STAIRDANCE
  4829 | D:7      | 4829 ||| Stepping ~*~*~tactically~*~*~ (outnumbered).
  4830 | D:7      | 4830 ||| Stepping ~*~*~tactically~*~*~ (outnumbered).
  4899 | D:7      | 4899 ||| FLEEEEING.
  4904 | D:7      | 4904 ||| INVOKING Fiery Armour.
  4910 | D:7      | Reached skill level 11 in Unarmed Combat
  4967 | D:7      | 4967 ||| Stepping ~*~*~tactically~*~*~ (hiding).
  4973 | D:7      | 4973 ||| FLEEEEING.
  4975 | D:7      | 4975 ||| FLEEEEING.
  4977 | D:7      | 4977 ||| Stepping ~*~*~tactically~*~*~ (hiding).
  4984 | D:7      | Reached skill level 3 in Throwing
  5010 | D:7      | 5010 ||| Stepping ~*~*~tactically~*~*~ (stealth).
  5033 | D:7      | Noticed a gargoyle
  5037 | D:7      | Noticed a two-headed ogre
  5040 | D:7      | Noticed a troll
  5041 | D:7      | 5041 ||| INVOKING Fiery Armour.
  5043 | D:7      | Killed a gargoyle
  5044 | D:7      | Reached skill level 12 in Unarmed Combat
  5046 | D:7      | HP: 21/85 [two-headed ogre/+0 giant spiked club (30)]
  5047 | D:7      | 5047 ||| DRINKING 2 potions of heal wounds.
  5048 | D:7      | Killed a two-headed ogre
  5049 | D:7      | Noticed a two-headed ogre
  5057 | D:7      | 5057 ||| FLEEEEING.
  5058 | D:7      | Noticed a gargoyle
  5059 | D:7      | 5059 ||| Stepping ~*~*~tactically~*~*~ (hiding).
  5061 | D:7      | Killed a troll
  5062 | D:7      | Reached XP level 10. HP: 52/98 MP: 10/10
  5064 | D:7      | HP: 12/98 [two-headed ogre/+0 giant club (25)]
  5064 | D:7      | Mangled by a two-headed ogre

Levels and vault maps discovered:
D:1:      ncdulo_halloftheorcs, layout_loops_ring
D:2:      layout_loops_ring, shapermc_ecumenical_altar_petra,
          minmay_misc_feat_nine_boxes
D:3:      layout_basic
D:4:      layout_basic, grunt_temple_overflow_order_and_chaos_2, serial_shops,
          nicolae_shop_behind_doors, uniq_edmund, uniq_grinder
D:5:      layout_loops_ring, nicolae_elyvilon_peaceful_grove, marbit_many_paths
D:6:      layout_rooms, uniq_duvessa, uniq_crazy_yiuf_cottage,
          uniq_prince_ribbit1
D:7:      layout_basic, temple_doors_e, serial_shops,
          nicolae_shop_window_shopping, minmay_the_grid_2x2
          [minmay_the_grid_empty, minmay_the_grid_holed_spiral,
          minmay_the_grid_rooms, minmay_the_grid_prize_four_corners]

Skill      XL: |  1  2  3  4  5  6  7  8  9 |
---------------+----------------------------+-----
Unarmed Combat | 4 5 6 8 9 10 12 | 12.2
Fighting       | 3 4 5 |  5.9
Dodging        | 2 |  2.5
Throwing       | 2 3 |  3.3
Spellcasting   | |  1.0
Fire Magic     | |  2.1

Action                   |  1- 3 |  4- 6 |  7- 9 | 10-12 || total
-------------------------+-------+-------+-------+-------++-------
Melee: Unarmed           |    98 |    61 |   130 |     3 ||   292
       Punch             |     2 |     1 |     7 |       ||    10
Throw: Boomerang         |    37 |    34 |    30 |       ||   101
       Javelin           |       |       |    21 |       ||    21
Invok: Fiery Armour      |       |       |     3 |       ||     3
  Use: Scroll            |     7 |     3 |     6 |       ||    16
       Potion            |     1 |       |     1 |       ||     2
Armor: Robe              |    39 |    13 |    27 |       ||    79
Dodge: Dodged            |    39 |    21 |    46 |       ||   106

Table legend:
 A = Non-vault XP
 B = Vault XP
 C = Vault XP percentage of total XP
 D = Non-vault monster count
 E = Vault monster count
 F = Vault count percentage of total count
                 A         B        C        D         E       F
            +---------+---------+-------+---------+---------+-------
      Total |    2302 |    3456 |  60.0 |     113 |      19 |  14.4
            +---------+---------+-------+---------+---------+-------
        D:1 |      32 |       0 |   0.0 |      20 |       0 |   0.0
        D:2 |      54 |       0 |   0.0 |      24 |       0 |   0.0
        D:3 |     112 |       0 |   0.0 |      18 |       0 |   0.0
        D:4 |     115 |     443 |  79.4 |      20 |       2 |   9.1
        D:5 |     309 |     124 |  28.6 |       9 |       1 |  10.0
        D:6 |     724 |     502 |  40.9 |       8 |       3 |  27.3
        D:7 |     956 |    2387 |  71.4 |      14 |      13 |  48.1
            +---------+---------+-------+---------+---------+-------
